 Dungeon Crawl Stone Soup version 0.32-a0-290-g598725c5f2 (webtiles) character file.

Game seed: 281650097848348432

1502017 greenbourne the Champion of Chaos (level 25, 254/254 HPs)
             Began as a Mountain Dwarf Fighter on Feb 13, 2024.
             Was the Champion of Makhleb.
             Escaped with the Orb
             ... and 3 runes on Feb 14, 2024!
             The game lasted 03:52:05 (85331 turns).

greenbourne the Champion of Chaos (MDFi)           Turns: 85331, Time: 03:52:05

Health: 254/254    AC: 35    Str: 34    XL:     25   Next: 98%
Magic:  40/40      EV:  7    Int:  5    God:    Makhleb [******]
Gold:   5264       SH: 27    Dex:  9    Spells: 28/40 levels left

rFire   + + .        a - +9 broad axe (vamp)
rCold   + + +        S - +2 tower shield
rNeg    + . .        B - +0 gold dragon scales
rPois   +            R - +2 hat of the Bear Spirit {Spirit, Bear, *Rage Will++}
rElec   +            E - scarf {rC+ rF+}
rCorr   +            g - +1 pair of gloves
SInv    +            q - +2 pair of boots of Existentialism {rElec Str+4 Dex+4}
Will    +++++        M - amulet of reflection Stlth
                     T - ring "Qaatz" {Fly rPois Will+ Int-3 SInv}
HPRegen 0.62/turn    o - ring of Divine Compulsion {rC+ rN+ rCorr Stlth+}
MPRegen 0.27/turn

%: random rage (20%), reflection, guardian spirit
@: flying, studying 2 skills
A: runic magic, artefact enchanting, claws 1, horns 2, iridescent scales 1,
clumsy 2, dopey 1, sense surroundings 1, screaming 1, inhibited regeneration,
subdued magic 1
0: Orb of Zot
}: 3/15 runes: barnacled, slimy, gossamer
a: Renounce Religion, Minor Destruction, Lesser Servant of Makhleb, Major
Destruction, Greater Servant of Makhleb


You escaped.
You worshipped Makhleb.
Makhleb was exalted by your worship.
You visited 10 branches of the dungeon, and saw 51 of its levels.
You also visited: Sewer, Ossuary and Ice Cave.

You collected 10490 gold pieces.
You spent 5226 gold pieces at shops.

Inventory:

Hand Weapons
 a - a +9 vampiric broad axe (weapon)
 b - the +8 broad axe of Ynoanitt {venom, *Corrode rN+ Str+2 Stlth+}
   (You found it on level 1 of the Depths)

   Str+2:     It affects your strength (+2).
   rN+:       It protects you from negative energy.
   *Corrode:  It may corrode you when you take damage.
   Stlth+:    It makes you more stealthy.
Missiles
 x - 8 curare-tipped darts
 O - 11 silver javelins (quivered)
 Z - 3 throwing nets
Armour
 g - a +1 pair of gloves (worn)
 q - the +2 pair of boots of Existentialism (worn) {rElec Str+4 Dex+4}
   (You acquired it on level 12 of the Dungeon)

   Str+4:     It affects your strength (+4).
   Dex+4:     It affects your dexterity (+4).
   rElec:     It insulates you from electricity.
 B - +0 gold dragon scales (worn)
 E - a scarf of resistance (worn)
 R - the +2 hat of the Bear Spirit (worn) {Spirit, Bear, *Rage Will++}
   (You found it on level 3 of the Elven Halls)

   Bear:      Going berserk makes the wearer exceptionally tough, and they are
   slowed for a shorter time afterward.
   Will++:    It greatly increases your willpower.
   *Rage:     It berserks you when you make melee attacks (+20% chance).
 S - a +2 tower shield (worn)
Jewellery
 m - a ring of poison resistance
 o - the ring of Divine Compulsion (right hand) {rC+ rN+ rCorr Stlth+}
   (You found it on level 4 of the Vaults)

   [ring of protection from cold]

   rC+:       It protects you from cold.
   rN+:       It protects you from negative energy.
   rCorr:     It protects you from acid and corrosion.
   Stlth+:    It makes you more stealthy.
 u - a +4 ring of protection
 M - an amulet of reflection (around neck)
 P - the ring of the Sybil {rF++ Will+ EV+5 Int+2 Dex+2}
   (You bought it in a shop on level 2 of the Shoals)

   [ring of evasion]

   EV+5:      It affects your evasion (+5).
   Int+2:     It affects your intelligence (+2).
   Dex+2:     It affects your dexterity (+2).
   rF++:      It greatly protects you from fire.
   Will+:     It increases your willpower.
 T - the ring "Qaatz" (left hand) {Fly rPois Will+ Int-3 SInv}
   (You found it on level 4 of the Shoals)

   [ring of willpower]

   Int-3:     It affects your intelligence (-3).
   rPois:     It protects you from poison Will+: It increases your willpower.
   SInv:      It lets you see invisible.
   Fly:       It grants you flight.
 W - the amulet of Tulips {Spirit rC+ rCorr}
   (You found it on level 5 of the Pits of Slime)

   [amulet of guardian spirit]

   Spirit:    It causes incoming damage to be divided between your reserves of
   health and magic.
   rC+:       It protects you from cold.
   rCorr:     It protects you from acid and corrosion.
Wands
 c - a wand of polymorph (20)
 d - a wand of mindburst (11)
 l - a wand of acid (18)
 v - a wand of paralysis (48)
 z - a wand of digging (7)
 F - a wand of roots (31)
 N - a wand of flame (39)
Scrolls
 e - 23 scrolls of teleportation
 h - 9 scrolls of poison
 j - a scroll of blinking
 n - 2 scrolls of revelation
 t - 7 scrolls of fear
 w - 10 scrolls of fog
 J - 7 scrolls of immolation
 U - a scroll of summoning
Potions
 f - 2 potions of haste
 i - 30 potions of curing
 k - 10 potions of lignification
 p - 4 potions of invisibility
 r - a potion of berserk rage
 y - 5 potions of brilliance
 C - 2 potions of attraction
 D - 6 potions of cancellation
 G - 5 potions of heal wounds
 H - 7 potions of enlightenment
 I - 9 potions of mutation
 K - 9 potions of magic
 V - 5 potions of resistance
 X - 5 potions of ambrosia
 Y - a potion of might
Miscellaneous
 A - a phial of floods
 L - a phantom mirror


   Skills:
 - Level 26.3 Fighting
 + Level 22.6 Axes
 - Level 22.0 Armour
 - Level 20.0 Shields
 - Level 8.0 Spellcasting
 - Level 10.0 Summonings
 - Level 12.0 Earth Magic
 O Level 27 Invocations
 - Level 15.0 Evocations


You had 28 spell levels left.
You knew the following spells:

 Your Spells              Type           Power      Damage    Failure   Level
a - Animate Armour        Summ/Erth      20%        N/A       4%          4
b - Passwall              Erth           10%        N/A       1%          3
c - Lee's Rapid Deconstr  Erth           5%         3d6*      9%          5

Your spell library contained the following spells:

 Spells                   Type           Power      Damage    Failure   Level
 Summon Small Mammal      Summ           36%        N/A       1%          1
 Call Imp                 Summ           18%        N/A       1%          2
 Call Canine Familiar     Summ           9%         N/A       1%          3
 Stone Arrow              Conj/Erth      12%        3d7       12%         3
 Brom's Barrelling Bould  Conj/Erth      6%         2d3       38%         4
 Apportation              Tloc           2%         N/A       45%         1
 Freeze                   Ice            4%         1d3       45%         1
 Magic Dart               Conj           4%         1d3       45%         1
 Necrotise                Necr           4%         1d4       45%         1
 Shock                    Conj/Air       4%         1d3       45%         1
 Slow                     Hex            4%         N/A       45%         1
 Sting                    Conj/Alch      4%         1d3       45%         1
 Martyr's Knell           Necr/Summ      5%         N/A       52%         4
 Summon Blazeheart Golem  Fire/Summ      5%         N/A       52%         4
 Summon Lightning Spire   Summ/Air       5%         N/A       52%         4
 Blink                    Tloc           2%         N/A       58%         2
 Ensorcelled Hibernation  Hex/Ice        2%         N/A       58%         2
 Jinxbite                 Hex            2%         N/A       58%         2
 Lesser Beckoning         Tloc           2%         N/A       58%         2
 Mercury Vapours          Alch/Air       2%         N/A       58%         2
 Momentum Strike          Conj/Tloc      2%         3d8       58%         2
 Searing Ray              Conj           2%         2d4       58%         2
 Borgnjor's Vile Clutch   Necr/Erth      3%         N/A       75%         5
 Summon Cactus Giant      Summ           4%         N/A       77%         6
 Confusing Touch          Hex            1%         N/A       83%         3
 Dazzling Flash           Conj/Hex       2%         N/A       83%         3
 Frozen Ramparts          Ice            2%         1d1       83%         3
 Fugue of the Fallen      Necr           1%         N/A       83%         3
 Gell's Gravitas          Tloc           1%         N/A       83%         3
 Hailstorm                Conj/Ice       1%         3d5       83%         3
 Inner Flame              Hex/Fire       1%         N/A       83%         3
 Mephitic Cloud           Conj/Alch/Air  1%         N/A       83%         3
 Sigil of Binding         Hex            1%         N/A       83%         3
 Swiftness                Air            1%         N/A       83%         3
 Teleport Other           Tloc           1%         N/A       83%         3
 Vampiric Draining        Necr           1%         2d6       83%         3
 Airstrike                Air            0%         2d(1-17)  99%         4
 Anguish                  Hex/Necr       0%         N/A       99%         4
 Animate Dead             Necr           1%         N/A       99%         4
 Fulminant Prism          Conj/Alch      0%         3d5       99%         4
 Ignite Poison            Fire/Alch      1%         N/A       99%         4
 Olgreb's Toxic Radiance  Alch           1%         N/A       99%         4
 Passage of Golubria      Tloc           1%         N/A       99%         4
 Vhi's Electric Charge    Tloc/Air       2%         N/A       99%         4
 Alistair's Intoxication  Alch           0%         N/A       100%        5
 Arcjolt                  Conj/Air       0%         1d10      100%        5
 Curse of Agony           Necr           1%         N/A       100%        5
 Fireball                 Conj/Fire      0%         3d3       100%        5
 Freezing Cloud           Conj/Ice/Air   0%         6-21      100%        5
 Irradiate                Conj/Alch      0%         3d11      100%        5
 Iskenderun's Battlesphe  Conj           1%         2d6       100%        5
 Silence                  Hex/Air        0%         N/A       100%        5
 Yara's Violent Unravell  Hex/Alch       0%         3d3       100%        5
 Bombard                  Conj/Erth      3%         9d1       100%        6
 Conjure Ball Lightning   Conj/Air       0%         3x3d6     100%        6
 Death Channel            Necr           0%         N/A       100%        6
 Eringya's Noxious Bog    Alch           0%         4d6       100%        6
 Plasma Beam              Fire/Air       0%         2x1d10    100%        6
 Sculpt Simulacrum        Ice/Alch       0%         N/A       100%        6
 Enfeeble                 Hex            0%         N/A       100%        7
 Haunt                    Necr/Summ      2%         N/A       100%        7
 Malign Gateway           Summ/Tloc      2%         N/A       100%        7
 Orb of Destruction       Conj           0%         9d5       100%        7
 Ozocubu's Refrigeration  Ice            0%         4d7       100%        7
 Spellforged Servitor     Conj/Summ      2%         N/A       100%        7
 Borgnjor's Revivificati  Necr           0%         N/A       100%        8
 Discord                  Hex            0%         N/A       100%        8
 Ignition                 Fire           0%         3d3       100%        8
 Lehudib's Crystal Spear  Conj/Erth      3%         10d2      100%        8
 Summon Horrible Things   Summ           4%         N/A       100%        8
 Death's Door             Necr           0%         N/A       100%        9
 Shatter                  Erth           5%         3d8*      100%        9


Dungeon Overview and Level Annotations

Branches:
Dungeon (15/15)            Temple (0/1) D:4            Lair (5/5) D:11
 Shoals (4/4) Lair:3       Spider (4/4) Lair:3        Slime (5/5) Lair:4
    Orc (2/2) D:9             Elf (3/3) Orc:2        Vaults (4/5) D:13
  Crypt (0/3) Vaults:3     Depths (4/4) D:15            Zot (5/5) Depths:4
  Sewer (visited)         Ossuary (visited)           IceCv (visited)

Altars:
Ashenzari
Dithmenos
Elyvilon
Gozag
Hepliaklqana
Kikubaaqudgha
Makhleb
Okawaru
Qazlal
Ru
Trog
Vehumet
Xom
Yredelemnul
Zin
The Shining One
Jiyva

Shops:
Orc:2 *[***   Elf:3 *   Shoals:2 =   Vaults:1 [(   Vaults:4 !(   Depths:4 (

Portals:
Hell: Depths:1 Depths:2 Depths:3 Depths:4
Abyss: Depths:3
Pandemonium: Depths:1 Depths:2
Ziggurat: Depths:1

Annotations:
D:4 1 runed translucent door, Nr616's ghost, amateur MfGl
D:5 2 transporters, zamzamzam's ghost, novice KoBr
D:12 6 transporters
Lair:1 exclusion: oklob plant
Shoals:3 exclusion: downstairs
Spider:4 Roxanne
Zot:1 1 transporter
Zot:3 Vv


Innate Abilities, Weirdness & Mutations

Your spellcasting is much less encumbered by armour.
You can use scrolls of enchantment on lesser artefacts.
You have sharp fingernails.
You have a pair of horns on your head.
You are partially covered in iridescent scales. (AC +2)
You are very clumsy. (Dex -4)
You are dopey. (Int -2)
You passively map a small area around you.
You occasionally shout uncontrollably at your foes.
You do not regenerate when monsters are visible.
Your spells are a little easier to cast, but a little less powerful.


Message History

The hellephant breathes flames at you. The blast of flame misses you.
You slice the hellephant!!
You kill the hellephant!
Makhleb accepts your kill.
You feel better.
Your life force feels restored.
There is a stone staircase leading up, spattered with blood here.
You see here a hellephant corpse.
You start resting.
You feel a strong urge to attack something.
You start resting.
You feel your anger nearly subside.
You are no longer berserk.
You are exhausted.
You feel yourself slow down.
You start resting.
Magic restored.
You start resting.
HP restored.
You start waiting.
A ynoxinul comes into view.
The ynoxinul gestures.
You fly upwards.
There is a stone staircase leading down here.
You feel yourself speed up.
Unknown command.
Unknown command.
There is a stone staircase leading down here.
A hellephant comes into view.
The hellephant moves out of view.
There is a stone staircase leading up here.
You fly upwards.
There is a stone staircase leading down here.
Aiming: Dig
Press: ? - help, Shift-Dir - straight line You can't see that place. [a rock wall.]
The rock shatters into small pieces.
You recover from your berserk rage.
There is a staircase leading out of the dungeon here.
You have escaped!

#.......# #...#.# ##.
#.......# #...#.# #..
#.......# #...#.#
#########.# #......)#
#.#.#.###..........
#...)...#
#.#.#.......#.#####
#..######
#...#####.#...##### ##.##
#...#####.#........ ##
#..######
#...#.......####### .#
##..#.(.# #.@.#.##..###
.# ##.#...# ##.##....##
.# #.#...# #.#..####
.#####.....# ###....#####
.##........# #....#.....#
.##........###..###.....#
.##........##...# #.....#
.##...........#.# #.....#
###........>###.# #.....#


There were no monsters in sight!

Vanquished Creatures
  the Royal Jelly (Slime:5)
  The ghost of Hakotaro the Ruinous, a master OpCj of Vehumet (Zot:1)
  An ancient lich (Zot:4)
  4 orbs of fire
  A dread lich (Zot:4)
  Mara (Vaults:2)
  10 Killer Klowns
  4 golden dragons
  A bone dragon (Depths:4)
  Nikola (Spider:3)
  3 electric golems
  A Hell Sentinel (D:13)
  12 tentacled monstrosities
  5 liches
  A hellephant (D:3)
  11 Orb Guardians (Zot:5)
  2 deep elf master archers (Elf:3)
  2 deep elf blademasters (Elf:3)
  8 quicksilver dragons
  2 krakens
  2 sphinxes
  17 acid blobs
  Agnes (Spider:1)
  9 death cobs
  2 Executioners
  13 storm dragons
  5 shadow dragons
  A nagaraja (Depths:2)
  Donald (Spider:3)
  8 rockslimes
  6 protean progenitors
  A fenstrider witch (Zot:3)
  14 azure jellies
  An emperor scorpion (Spider:4)
  4 tengu reavers
  10 fire giants
  8 frost giants
  3 draconian monks
  3 draconian knights
  An iron dragon (Depths:2)
  4 spectral caustic shrikes (Depths:4)
  2 deep elf sorcerers (Elf:3)
  A balrug (Depths:2)
  A deep elf elementalist (Elf:3)
  4 draconian shifters
  2 draconian scorchers
  13 vault wardens
  5 ghost moths
  3 draconian annihilators (Zot:5)
  3 orc warlords
  A draconian stormcaller (Zot:4)
  3 cacodemons (Depths:2)
  8 formless jellyfish
  5 quicksilver oozes
  6 ironbound thunderhulks
  5 broodmothers
  14 stone giants
  9 very ugly things
  13 ironbound preservers
  8 deep elf death magi
  A vampire knight (Depths:2)
  11 black draconians
  Nessos (Lair:5)
  9 deep elf demonologists
  14 red draconians
  8 yellow draconians
  8 dire elephants
  A minotaur (Zot:3)
  9 green draconians
  6 purple draconians
  2 war gargoyles
  2 deep elf annihilators (Elf:3)
  11 spark wasps
  5 white draconians
  9 ettins
  2 crystal guardians
  10 merfolk impalers
  6 fire dragons
  4 merfolk javelineers
  2 blizzard demons (Depths:2)
  A deep elf high priest (Elf:3)
  2 entropy weavers
  10 yaktaur captains
  The ghost of hofbold the Toxicologist, a journeyman OpAl of Sif Muna (Lair:2)
  An entropy weaver (shapeshifter) (D:13)
  5 great orbs of eyes
  3 hydras
  7 rakshasas
  A salamander tyrant (Depths:2)
  18 vault guards
  4 spriggan air magi
  10 ice dragons
  A hell beast (Depths:3)
  A caustic shrike simulacrum (Depths:3)
  2 peacekeepers
  10 ironbound frosthearts
  An alligator (Zot:1)
  A merfolk avatar (Shoals:3)
  3 ogre magi
  6 merfolk aquamancers
  A catoblepas (D:13)
  9 boulder beetles
  9 centaur warriors
  4 satyrs
  5 radroaches
  3 deep troll shamans
  4 two-headed ogres
  24 dancing weapons
  8 tengu warriors
  7 deep troll earth magi
  Urug (D:13)
  6 demonic crawlers
  9 death yaks
  5 orc high priests
  4 spriggan berserkers
  3 hell hogs (Depths:2)
  12 hell knights
  A soul eater (Depths:2)
  A sun demon (Depths:2)
  9 deep elf knights
  10 iron trolls
  6 skysharks
  28 deep trolls
  2 sixfirhies
  8 pharaoh ants
  10 sea snakes
  A skeletal warrior (D:13)
  2 goliath frogs (Lair:5)
  2 flayed ghosts
  12 orb spiders
  3 glowing orange brains
  3 sun moths
  17 lindwurms
  4 arcanists
  15 ironbound convokers
  6 orc knights
  13 deep elf zephyrmancers
  9 steelbarb worms
  29 harpies
  A lindwurm (shapeshifter) (D:15)
  20 deep elf pyromancers
  2 necromancers
  2 deep elf archers (Elf:2)
  A wolf spider zombie (D:15)
  25 ugly things
  24 wolf spiders
  9 cyclopes
  4 shining eyes (Slime:5)
  16 fauns
  18 moths of wrath
  6 orc sorcerers
  10 elephants
  15 manticores
  4 kobold blastminers
  7 merfolk sirens
  18 vault sentinels
  An ice statue (IceCv)
  7 water nymphs
  A rust devil (Depths:2)
  6 meliai
  4 black mambas
  4 torpor snails
  An eye of devastation (shapeshifter) (Depths:3)
  A cane toad (shapeshifter) (D:13)
  Maggie (D:7)
  A gargoyle (D:11)
  17 cane toads
  2 orange demons (Depths:3)
  A centaur skeleton (D:15)
  4 eyes of devastation
  An unseen horror (D:11)
  4 kobold demonologists
  2 hellions (Depths:4)
  11 komodo dragons
  An efreet (D:13)
  28 yaktaurs
  An ice devil (Zot:5)
  5 tengu conjurers
  A tormentor (Depths:1)
  32 merfolk
  A burning bush (Lair:1)
  6 trolls
  A merfolk (shapeshifter) (D:15)
  14 polar bears
  2 shadow dragon simulacra (Depths:3)
  4 hornets
  A troll (shapeshifter) (D:13)
  24 tarantellas
  Prince Ribbit (D:6)
  A tyrant leech (Lair:5)
  9 wind drakes
  33 blink frogs
  A glass eye (Slime:5)
  11 snapping turtles
  A frost giant simulacrum (Depths:3)
  16 dream sheep
  A centaur simulacrum (D:15)
  An air elemental (Elf:2)
  25 jumping spiders
  63 slime creatures
  A shadow (D:12)
  11 wyverns
  A vampire (D:12)
  19 culicivoras
  3 spriggans
  3 basilisks
  22 water elementals
  A fire elemental (Elf:1)
  53 yaks
  3 wraiths
  A hog (shapeshifter) (Elf:1)
  A warg (Orc:1)
  10 golden eyes
  13 vampire mosquitoes
  54 redbacks
  A steam dragon (Lair:4)
  An acid dragon (D:11)
  12 water moccasins
  2 ice beasts
  A sky beast (D:8)
  2 laughing skulls (D:15)
  13 orc warriors
  2 black bears
  A swamp drake (D:9)
  33 wolves
  2 ogres
  11 centaurs
  5 phantoms
  4 kobold brigands
  A gnoll sergeant (D:13)
  12 bullfrogs
  An earth elemental (Elf:1)
  2 scorpions (D:6)
  6 wights
  A burial acolyte (Ossuary)
  12 killer bees
  3 howler monkeys
  8 electric eels (D:9)
  3 bombardier beetles
  A hound (D:4)
  18 jellies
  23 orc priests
  A gnoll bouda (D:7)
  An iguana (D:6)
  A sleepcap (D:7)
  29 orc wizards
  7 hell rats (Lair:2)
  A nameless horror (Spider:4)
  2 mummies
  11 gnolls
  6 adders
  A shadow imp (D:8)
  A white imp (D:8)
  2 ufetubi (D:5)
  4 dart slugs
  A ribbon worm (D:6)
  60 orcs
  8 ball pythons
  3 bats
  5 endoplasms
  2 giant cockroaches (D:4)
  11 goblins
  8 hobgoblins
  8 jackals
  17 kobolds
  4 quokkas
  A frilled lizard (D:3)
  7 gnoll skeletons (Ossuary)
  7 kobold skeletons (Ossuary)
  6 orc skeletons (Ossuary)
  12 rats
  A spectral hobgoblin (D:9)
  2 fire vortices (Zot:1)
  7 tentacles
1955 creatures vanquished.

Vanquished Creatures (collateral kills)
  An orb of fire (Zot:5)
  3 golden dragons
  3 tentacled monstrosities
  14 Orb Guardians (Zot:5)
  3 quicksilver dragons
  A deep elf blademaster (Elf:2)
  2 deep elf master archers (Elf:3)
  6 death cobs
  2 shadow dragons
  5 storm dragons
  2 draconian monks
  2 fire giants
  A rockslime (Slime:5)
  3 vault wardens
  5 deep elf sorcerers
  A frost giant (Depths:1)
  A draconian scorcher (Zot:3)
  A deep elf elementalist (Elf:3)
  3 draconian shifters
  An ironbound preserver (Vaults:1)
  3 emperor scorpions
  An orc warlord (Vaults:1)
  A draconian stormcaller (Zot:3)
  A cacodemon (Depths:3)
  A draconian annihilator (Zot:1)
  3 formless jellyfish
  A stone giant (Depths:4)
  5 deep elf death magi
  2 ironbound thunderhulks
  6 deep elf demonologists
  3 black draconians
  3 deep elf annihilators (Elf:3)
  3 green draconians
  A yellow draconian (Zot:5)
  2 spark wasps (Zot:1)
  2 white draconians
  2 purple draconians
  4 dire elephants
  A crystal guardian (Vaults:2)
  4 deep elf high priests (Elf:3)
  A yaktaur captain (Vaults:3)
  A fire dragon (Depths:4)
  An entropy weaver (Spider:4)
  A great orb of eyes (Vaults:2)
  A hydra (Lair:4)
  2 vault guards
  2 ice dragons
  An ironbound frostheart (Vaults:4)
  A peacekeeper (Vaults:1)
  An alligator (Zot:1)
  6 dancing weapons
  2 radroaches (Spider:3)
  A tengu warrior (Depths:2)
  2 demonic crawlers
  2 deep elf knights
  5 hell knights
  A pharaoh ant (Spider:4)
  2 soul eaters
  A spriggan rider (Depths:3)
  An orb spider (Spider:4)
  A sun moth (shapeshifter) (Elf:3)
  An arcanist (Vaults:1)
  A phantasmal warrior (Vaults:4)
  3 deep elf archers
  A harpy (Vaults:1)
  An orc knight (Orc:2)
  2 ugly things
  2 deep elf pyromancers
  An orc sorcerer (Orc:1)
  5 deep elf zephyrmancers
  3 wolf spiders
  11 moths of wrath
  2 vault sentinels (Vaults:1)
  A smoke demon (Depths:1)
  An orange demon (Depths:3)
  3 yaktaurs
  4 trolls (Orc:1)
  A hellwing (Depths:3)
  4 tarantellas
  3 jumping spiders
  4 slime creatures
  A ynoxinul (Depths:3)
  A fire elemental (Elf:3)
  A golden eye (Slime:4)
  2 wargs (Orc:2)
  2 redbacks
  5 orc warriors (Orc:2)
  An ogre (Orc:1)
  A gnoll sergeant (D:10)
  3 killer bees (D:9)
  9 orc priests (Orc:2)
  5 orc wizards (Orc:2)
  9 orcs (Orc:2)
239 creatures vanquished.

Vanquished Creatures (others)
  Josephina (Depths:2)
  A draconian knight (Zot:5)
  An occultist (D:15)
  An orb spider (Spider:3)
  An arcanist (Vaults:4)
  A deep elf zephyrmancer (Elf:3)
  A deep elf pyromancer (Elf:2)
  A smoke demon (Depths:3)
  2 tarantellas (Spider:2)
  A jumping spider (Spider:1)
  A golden eye (shapeshifter) (D:13)
  A redback (Spider:3)
  82 spectral weapons
  14 tentacles
109 creatures vanquished.

Grand Total: 2303 creatures vanquished

Notes
Turn   | Place    | Note
-------+----------+-------------------------------------------
     0 | D:1      | greenbourne the Mountain Dwarf Fighter began the quest for
                  | the Orb.
     0 | D:1      | Reached XP level 1. HP: 19/19 MP: 1/1
   160 | D:1      | Reached XP level 2. HP: 26/26 MP: 2/2
   457 | D:1      | Reached XP level 3. HP: 33/33 MP: 3/3
   748 | D:2      | Found a faded altar of an unknown god.
   914 | D:2      | Found an opulent altar of Gozag.
  1450 | D:2      | Reached XP level 4. HP: 34/41 MP: 4/4
  1477 | D:3      | Found a broken altar of Ashenzari.
  1481 | D:3      | Found a burning altar of Makhleb.
  1529 | D:3      | Became a worshipper of Makhleb the Destroyer
  1800 | D:3      | Found a shimmering altar of Xom.
  1946 | D:3      | Reached skill level 5 in Fighting
  2092 | D:4      | Found a white marble altar of Elyvilon.
  2151 | D:4      | Reached XP level 5. HP: 48/48 MP: 5/5
  2212 | D:4      | Reached skill level 5 in Axes
  2269 | D:4      | Found a staircase to the Ecumenical Temple.
  2283 | D:4      | Found a runed translucent door.
  2284 | D:4      | Noticed Nr616's ghost (amateur MfGl)
  2472 | D:4      | Reached * piety under Makhleb
  2473 | D:4      | Reached XP level 6. HP: 50/56 MP: 6/6
  3099 | D:5      | Entered Level 5 of the Dungeon
  3202 | D:5      | Noticed zamzamzam's ghost (novice KoBr)
  3204 | D:5      | Found a transporter.
  3216 | D:5      | Reached skill level 5 in Armour
  3227 | D:5      | Found a transporter.
  3405 | D:5      | Noticed an ice beast
  3419 | D:5      | Killed an ice beast
  3434 | D:5      | Reached XP level 7. HP: 46/62 MP: 7/7
  3534 | D:6      | Noticed Prince Ribbit
  3560 | D:6      | Killed Prince Ribbit
  3710 | D:6      | Found an opulent altar of Gozag.
  3714 | D:6      | Found a glowing drain.
  3744 | Sewer    | Entered a sewer
  3866 | Sewer    | Reached XP level 8. HP: 73/73 MP: 8/8
  3883 | Sewer    | Found a white marble altar of Elyvilon.
  3992 | D:6      | Gained mutation: You are clumsy. (Dex -2) [potion of
                  | mutation]
  3997 | D:6      | Reached ** piety under Makhleb
  4041 | D:6      | Found a sand-covered staircase.
  4051 | Ossuary  | Entered an ossuary
  4304 | Ossuary  | Found an ancient bone altar of Kikubaaqudgha.
  4905 | D:5      | Reached skill level 10 in Axes
  5000 | D:6      | Reached *** piety under Makhleb
  5128 | D:6      | Reached skill level 1 in Invocations
  5213 | D:6      | Reached skill level 2 in Invocations
  5265 | D:6      | Reached skill level 5 in Shields
  5265 | D:6      | Reached XP level 9. HP: 81/81 MP: 9/11
  5483 | D:7      | Reached skill level 3 in Invocations
  5689 | D:7      | Noticed Maggie
  5701 | D:7      | Killed Maggie
  5702 | D:7      | Reached skill level 5 in Invocations
  5928 | D:7      | Identified the +10 hand axe "Zaibeg" {freeze, Int+3}
  6294 | D:7      | Reached skill level 6 in Invocations
  6505 | D:8      | Reached skill level 7 in Invocations
  6604 | D:8      | Reached skill level 8 in Invocations
  6785 | D:8      | Found a shadowy altar of Dithmenos.
  6811 | D:9      | Noticed a two-headed ogre
  6820 | D:9      | Killed a two-headed ogre
  6821 | D:9      | Reached skill level 10 in Invocations
  6821 | D:9      | Reached XP level 10. HP: 78/88 MP: 15/17
  6954 | D:9      | Reached **** piety under Makhleb
  7070 | D:9      | Found a basalt altar of Yredelemnul.
  7392 | D:9      | Found a bloodstained altar of Trog.
  7445 | D:9      | Found a hazy altar of Hepliaklqana.
  7693 | D:9      | Reached skill level 10 in Fighting
  7782 | D:9      | Found a staircase to the Orcish Mines.
  8191 | D:10     | Entered Level 10 of the Dungeon
  8482 | D:10     | Noticed a two-headed ogre
  8494 | D:10     | Killed a two-headed ogre
  8660 | D:10     | Reached XP level 11. HP: 99/99 MP: 18/18
  8676 | D:10     | Reached skill level 10 in Armour
  8950 | D:10     | Found an iron altar of Okawaru.
  9543 | D:11     | Reached skill level 10 in Shields
  9671 | D:11     | Found a staircase to the Lair.
  9717 | D:11     | Found a glowing golden altar of the Shining One.
  9890 | D:11     | Noticed a white ugly thing
  9908 | D:11     | Killed a white ugly thing
 10001 | D:11     | Reached ***** piety under Makhleb
 10147 | D:11     | Noticed a green ugly thing
 10162 | D:11     | Killed a green ugly thing
 10255 | D:11     | Noticed a boulder beetle
 10276 | D:11     | Killed a boulder beetle
 10293 | D:11     | Reached XP level 12. HP: 91/106 MP: 19/19
 10416 | D:11     | Noticed a boulder beetle
 10435 | D:11     | Killed a boulder beetle
 10727 | D:11     | Noticed a boulder beetle
 10745 | D:11     | Killed a boulder beetle
 10784 | D:11     | Noticed a two-headed ogre
 10791 | D:11     | Killed a two-headed ogre
 10792 | D:11     | Reached skill level 11 in Invocations
 10959 | D:11     | Reached skill level 1 in Evocations
 10988 | D:11     | Noticed a storm dragon
 10998 | D:11     | Killed a storm dragon
 10999 | D:11     | Reached skill level 12 in Invocations
 11421 | Lair:1   | Entered Level 1 of the Lair of Beasts
 11573 | Lair:1   | Reached skill level 13 in Invocations
 11667 | Lair:1   | Reached skill level 5 in Evocations
 12005 | Lair:1   | Reached XP level 13. HP: 113/113 MP: 23/23
 12445 | Lair:2   | Reached skill level 14 in Invocations
 13025 | Lair:2   | Found a runed translucent door.
 13025 | Lair:2   | Noticed hofbold's ghost (journeyman OpAl)
 13061 | Lair:2   | Killed hofbold's ghost
 13524 | Lair:3   | Found a hole to the Spider Nest.
 13619 | Lair:3   | Reached skill level 15 in Invocations
 14057 | Lair:3   | Found a staircase to the Shoals.
 15478 | Lair:4   | Found a staircase to the Slime Pits.
 15481 | Lair:4   | Reached XP level 14. HP: 127/132 MP: 25/25
 15551 | Lair:4   | Found a viscous altar of Jiyva.
 15776 | Lair:5   | Entered Level 5 of the Lair of Beasts
 16241 | Lair:5   | Reached skill level 16 in Invocations
 16468 | Lair:5   | Reached skill level 17 in Invocations
 16602 | Lair:5   | Noticed Nessos
 16607 | Lair:5   | Killed Nessos
 16656 | Lair:5   | Found a glowing silver altar of Zin.
 16806 | Lair:5   | Reached skill level 18 in Invocations
 16848 | Lair:5   | Reached ****** piety under Makhleb
 17123 | Lair:5   | Got Vuuthuem's Omnibus of Heated Hoarfrost
 17726 | Orc:1    | Entered Level 1 of the Orcish Mines
 17727 | Orc:1    | You fall into a shaft and drop 1 floor!
 17727 | Orc:2    | Entered Level 2 of the Orcish Mines
 18886 | Orc:2    | Reached skill level 19 in Invocations
 19016 | Orc:2    | Noticed an orc warlord
 19165 | Orc:1    | Killed an orc warlord
 19436 | Orc:2    | Found Homm's Mass Market.
 19462 | Orc:2    | Found a staircase to the Elven Halls.
 19614 | Orc:2    | Found Giypaot's Assorted Antiques.
 19614 | Orc:2    | Found Gauffiathri's General Store.
 19615 | Orc:2    | Found Cati's Antique Armour Emporium.
 19619 | Orc:2    | Found Pidgham's Assorted Antiques.
 19625 | Orc:2    | Bought a scroll of summoning for 342 gold pieces
 19625 | Orc:2    | Bought a scroll labelled YGAIMURGH BEIGA for 36 gold pieces
 19625 | Orc:2    | Bought a scroll of identify for 72 gold pieces
 19625 | Orc:2    | Bought a scroll of teleportation for 108 gold pieces
 19625 | Orc:2    | Bought 2 potions of curing for 216 gold pieces
 19650 | Orc:2    | Bought a potion of berserk rage for 145 gold pieces
 19651 | Orc:2    | Bought a potion of attraction for 36 gold pieces
 19651 | Orc:2    | Bought a potion of cancellation for 96 gold pieces
 19702 | Orc:2    | Bought a pair of glowing boots for 247 gold pieces
 19988 | D:12     | Found a transporter.
 19990 | D:12     | Found a transporter.
 20346 | D:12     | Found a transporter.
 20351 | D:12     | Found a transporter.
 20525 | D:12     | Found a transporter.
 20525 | D:12     | Found a transporter.
 20709 | D:12     | Identified 3 scrolls of acquirement
 20709 | D:12     | Acquired the +0 pair of boots of Existentialism {rElec
                  | Str+4 Dex+4}
 20724 | D:12     | Acquired the +1 hat of Summertime {rCorr}
 20739 | D:12     | Acquired 323 gold pieces
 20848 | D:13     | Noticed a storm dragon
 20995 | D:13     | Noticed Urug
 21015 | D:13     | Killed Urug
 21088 | D:13     | Found a frozen archway.
 21095 | IceCv    | Entered an ice cave
 21530 | IceCv    | Reached XP level 15. HP: 138/138 MP: 28/28
 21685 | IceCv    | Reached skill level 15 in Axes
 22318 | IceCv    | Got the Incunable of Oromancy
 22506 | D:13     | Found a gate to the Vaults.
 22942 | D:13     | Killed a storm dragon
 23493 | D:14     | Identified the +0 chain mail of the Pleiades {Will+}
 23545 | D:14     | Found a runed translucent door.
 24097 | D:14     | Found a stormy altar of Qazlal.
 24171 | D:14     | Noticed a fire giant
 24221 | D:14     | Killed a fire giant
 24435 | D:15     | Entered Level 15 of the Dungeon
 25557 | D:15     | Found a staircase to the Depths.
 25565 | D:15     | Reached XP level 16. HP: 143/146 MP: 29/29
 26029 | Shoals:1 | Entered Level 1 of the Shoals
 27345 | Shoals:2 | Reached skill level 1 in Earth Magic
 27447 | Shoals:2 | Reached skill level 1 in Summonings
 27479 | Shoals:2 | Reached skill level 1 in Spellcasting
 27607 | Shoals:2 | Learned a level 4 spell: Animate Armour
 27893 | Shoals:2 | Identified the +3 scale mail "Vippune" {Rampage}
 28198 | Shoals:2 | Found Wypsom's Jewellery Emporium.
 28219 | Shoals:2 | Bought the ring of the Sybil {rF++ Will+ EV+5 Int+2 Dex+2}
                  | for 968 gold pieces
 28507 | Shoals:2 | Reached skill level 5 in Earth Magic
 28706 | Shoals:3 | Reached skill level 5 in Summonings
 29052 | Shoals:3 | Noticed a kraken
 29074 | Shoals:3 | Killed a kraken
 29316 | Shoals:3 | Reached XP level 17. HP: 143/152 MP: 30/30
 29336 | Shoals:3 | Reached skill level 5 in Spellcasting
 29712 | Shoals:4 | Entered Level 4 of the Shoals
 30418 | Shoals:4 | Identified the ring "Qaatz" {Fly rPois Will+ Int-3 SInv}
 31572 | Shoals:4 | Noticed a kraken
 31616 | Shoals:4 | Killed a kraken
 31818 | Shoals:4 | Got a barnacled rune of Zot
 32263 | Spider:1 | Entered Level 1 of the Spider Nest
 32589 | Spider:1 | Noticed Agnes
 32596 | Spider:1 | Killed Agnes
 34580 | Spider:1 | Reached skill level 10 in Earth Magic
 35648 | Spider:3 | Reached skill level 10 in Summonings
 36114 | Spider:3 | Reached XP level 18. HP: 102/160 MP: 27/31
 36286 | Spider:3 | Noticed Nikola
 36465 | Spider:3 | Killed Nikola
 36715 | Spider:3 | Noticed Donald
 36739 | Spider:3 | Killed Donald
 37803 | Spider:4 | Entered Level 4 of the Spider Nest
 39836 | Spider:4 | Noticed Roxanne
 40836 | Spider:4 | Got a gossamer rune of Zot
 41324 | Elf:1    | Entered Level 1 of the Elven Halls
 41351 | Elf:1    | Identified the +3 sling "Nefru" {flame, Str+2}
 41725 | Elf:1    | Got Onec's Almanac of Accompaniment
 42545 | Elf:2    | Found a radiant altar of Vehumet.
 42581 | Elf:2    | Reached XP level 19. HP: 133/165 MP: 32/32
 42710 | Elf:2    | Reached skill level 15 in Shields
 42794 | Elf:2    | Identified the +2 scimitar of Esalirch {venom, Str+3}
 42799 | Elf:2    | Found Acizah's Vocational Training.
 42804 | Elf:2    | Bought a manual of Evocations for 960 gold pieces
 42804 | Elf:2    | Bought a manual of Invocations for 960 gold pieces
 43100 | Elf:2    | Paralysed by an air elemental for 1 turns
 43348 | Elf:2    | Reached skill level 15 in Fighting
 43348 | Elf:2    | Reached skill level 15 in Armour
 43445 | Elf:2    | Found a runed translucent gate.
 43445 | Elf:2    | Found a runed translucent gate.
 43446 | Elf:2    | Found a runed translucent gate.
 44918 | Elf:2    | Reached skill level 20 in Invocations
 45797 | Elf:3    | Entered Level 3 of the Elven Halls
 45822 | Elf:3    | Found Zaobbar's Assorted Antiques.
 45841 | Elf:3    | Bought a scroll of revelation for 240 gold pieces
 46006 | Elf:3    | Reached skill level 10 in Evocations
 46104 | Elf:3    | Reached skill level 21 in Invocations
 47099 | Elf:3    | Reached skill level 22 in Invocations
 48015 | Elf:3    | Reached skill level 23 in Invocations
 48185 | Elf:3    | Identified the ring of Ceasir {Wiz Dex+2}
 48648 | Elf:3    | Noticed a Tzitzimitl
 48982 | Elf:3    | Found the +2 hat of the Bear Spirit {Spirit, Bear, *Rage
                  | Will++}
 49008 | Elf:3    | Got the Cyclopedia of the Curious Princes
 49073 | Elf:3    | Reached XP level 20. HP: 166/178 MP: 35/35
 49198 | Elf:3    | Identified the staff of Moatamem {rC+ Int+2 Ice}
 49202 | Elf:3    | Identified the ring "Fuiteiga" {Fly MP+9 Str+3 Dex-5}
 49210 | Elf:3    | Identified the +7 glaive of Zuost {protect, Str+2}
 49622 | Vaults:1 | Entered Level 1 of the Vaults
 49845 | Vaults:1 | Reached skill level 24 in Invocations
 50081 | Vaults:1 | Reached skill level 15 in Evocations
 50279 | Vaults:1 | Learned a level 3 spell: Passwall
 50285 | Vaults:1 | Learned a level 5 spell: Lee's Rapid Deconstruction
 50474 | Vaults:1 | Reached skill level 25 in Invocations
 50695 | Vaults:1 | Identified the +11 flail of Absolution {pain, Dex+4}
 50848 | Vaults:1 | Found an opulent altar of Gozag.
 50848 | Vaults:1 | Found Gozag's Antique Armour Boutique.
 50850 | Vaults:1 | Found Gozag's Assorted Antiques.
 50851 | Vaults:1 | Found Gozag's Antique Weapon Shop.
 51141 | Vaults:1 | Reached skill level 26 in Invocations
 51751 | Vaults:1 | Identified the +0 chain mail of the Known World {^Contam
                  | Dex+5}
 51849 | Vaults:1 | You are sucked into a shaft and drop 1 floor!
 52988 | Vaults:2 | Noticed Mara
 52996 | Vaults:2 | Noticed greenbourne's illusion
 53009 | Vaults:2 | Killed Mara
 53524 | Vaults:2 | Reached XP level 21. HP: 188/188 MP: 34/38
 54993 | Vaults:3 | Found a staircase to the Crypt.
 54993 | Vaults:3 | Found an ancient bone altar of Kikubaaqudgha.
 54993 | Vaults:3 | Found a basalt altar of Yredelemnul.
 55061 | Vaults:4 | Found Fuutsiyrr's Distillery.
 55073 | Vaults:4 | Bought a potion of might for 80 gold pieces
 55073 | Vaults:4 | Bought a potion of curing for 60 gold pieces
 55073 | Vaults:4 | Bought a potion of enlightenment for 100 gold pieces
 55073 | Vaults:4 | Bought a potion of curing for 60 gold pieces
 55073 | Vaults:4 | Bought a potion of brilliance for 80 gold pieces
 55073 | Vaults:4 | Bought a potion of mutation for 160 gold pieces
 55073 | Vaults:4 | Bought a potion of invisibility for 160 gold pieces
 55073 | Vaults:4 | Bought a potion of heal wounds for 100 gold pieces
 56728 | Vaults:4 | Found Rufecem's Weapon Boutique.
 56793 | Vaults:4 | Identified the ring of Divine Compulsion {rC+ rN+ rCorr
                  | Stlth+}
 56931 | Vaults:4 | Acquired 1269 gold pieces
 57173 | Depths:1 | Entered Level 1 of the Depths
 57173 | Depths:1 | Noticed a golden dragon
 58132 | D:15     | Killed a golden dragon
 58391 | Depths:1 | Found a one-way gateway to a ziggurat.
 58533 | Depths:1 | Reached XP level 22. HP: 206/206 MP: 27/39
 58620 | Depths:1 | Found a one-way gate leading to the halls of Pandemonium.
 59330 | Depths:1 | Found a gateway to Hell.
 59419 | Depths:1 | Found a sacrificial altar of Ru.
 59537 | Depths:1 | Identified the +8 broad axe of Ynoanitt {venom, *Corrode
                  | rN+ Str+2 Stlth+}
 61111 | Depths:2 | Found a burning altar of Makhleb.
 61324 | Depths:2 | Reached skill level 27 in Invocations
 61560 | Depths:2 | Identified the +2 demon blade of the Harvest {vamp, +Blink}
 61650 | Depths:2 | Gained mutation: You occasionally shout uncontrollably at
                  | your foes. [a cacodemon]
 61920 | Depths:2 | Identified the +1 demon trident of Lixtaetsuu {elec, Str+4
                  | Int+3}
 62294 | Depths:3 | Identified the ring of Epivvuy {Ice rN+ Will+ rCorr}
 62294 | Depths:3 | Noticed Josephina
 62706 | Depths:2 | Killed Josephina
 63858 | Depths:3 | Identified the +10 glaive "Daabeom" {freeze, rC+ Will+
                  | Stlth+}
 64119 | Depths:3 | Identified the ring of Noulaymm {rElec rCorr Slay+5}
 64135 | Depths:3 | Gained mutation: You are frail. (-10% HP) [a cacodemon]
 64198 | Depths:3 | Found a one-way gate to the infinite horrors of the Abyss.
 64538 | Depths:4 | Entered Level 4 of the Depths
 65303 | Depths:3 | Gained mutation: You are weak. (Str -2) [a shining eye]
 65304 | Depths:3 | Gained mutation: You are dopey. (Int -2) [a shining eye]
 65378 | Depths:4 | Reached XP level 23. HP: 193/193 MP: 33/40
 65714 | Depths:4 | Found Yrruhegh's Weapon Shop.
 65749 | Depths:4 | Identified the +1 pair of boots "Wystuch" {+Inv Int-5
                  | Slay+3 Stlth+}
 66448 | Depths:4 | Found a gate to the Realm of Zot.
 67155 | Slime:1  | Entered Level 1 of the Pits of Slime
 67224 | Slime:2  | Paralysed by a formless jellyfish for 1 turns
 67929 | Slime:5  | Entered Level 5 of the Pits of Slime
 68196 | Slime:5  | Noticed the Royal Jelly
 68217 | Slime:5  | Killed the Royal Jelly
 68489 | Slime:5  | Gained mutation: You are very dopey. (Int -4) [a shining
                  | eye]
 68496 | Slime:5  | Gained mutation: You are very clumsy. (Dex -4) [a shining
                  | eye]
 68535 | Slime:5  | Paralysed by a formless jellyfish for 1 turns
 68917 | Slime:5  | Paralysed by a formless jellyfish for 1 turns
 68922 | Slime:5  | Paralysed by a formless jellyfish for 1 turns
 69133 | Slime:5  | Identified the maw talisman of Gozag, Mashing {MP+9 Int+3}
 69141 | Slime:5  | Identified the +0 chain mail of Addaop {rF+ rN+ Stlth+}
 69144 | Slime:5  | Found the +5 scythe "Finisher" {speed, execute}
 69155 | Slime:5  | Identified the +0 robe of an ice cave {Fly rElec Str+5
                  | Dex-2}
 69170 | Slime:5  | Identified the +12 morningstar of the Pit {heavy, Fly rElec
                  | rF-}
 69172 | Slime:5  | Got Musmi's Compilation of the Flock
 69173 | Slime:5  | Identified the amulet of Tulips {Spirit rC+ rCorr}
 69187 | Slime:5  | Got a slimy rune of Zot
 69189 | Slime:5  | Identified the +4 war axe of a Billion Demons {holy, *Slow
                  | Fly Will++ Stlth+}
 69281 | Slime:5  | Lost mutation: You are weak. (Str -2) [potion of mutation]
 69281 | Slime:5  | Lost mutation: You are frail. (-10% HP) [potion of
                  | mutation]
 69281 | Slime:5  | Lost mutation: You are very dopey. (Int -4) [potion of
                  | mutation]
 69281 | Slime:5  | Gained mutation: You are somewhat resistant to further
                  | mutation. [potion of mutation]
 69281 | Slime:5  | Gained mutation: Your spells are a little harder to cast,
                  | but a little more powerful. [potion of mutation]
 69282 | Slime:5  | Lost mutation: Your spells are a little harder to cast, but
                  | a little more powerful. [potion of mutation]
 69282 | Slime:5  | Lost mutation: You are dopey. (Int -2) [potion of mutation]
 69283 | Slime:5  | Lost mutation: You are very clumsy. (Dex -4) [potion of
                  | mutation]
 69283 | Slime:5  | Lost mutation: You are somewhat resistant to further
                  | mutation. [potion of mutation]
 69283 | Slime:5  | Gained mutation: Your muscles are strong. (Str +4, Int/Dex
                  | -1) [potion of mutation]
 69283 | Slime:5  | Gained mutation: You are frail. (-10% HP) [potion of
                  | mutation]
 69284 | Slime:5  | Lost mutation: You are frail. (-10% HP) [potion of
                  | mutation]
 69284 | Slime:5  | Lost mutation: You are clumsy. (Dex -2) [potion of
                  | mutation]
 69284 | Slime:5  | Gained mutation: You are vulnerable to heat. (rF-) [potion
                  | of mutation]
 69284 | Slime:5  | Gained mutation: You are clumsy. (Dex -2) [potion of
                  | mutation]
 69284 | Slime:5  | Gained mutation: A frigid envelope surrounds you and
                  | freezes all who hurt you. [potion of mutation]
 69285 | Slime:5  | Lost mutation: A frigid envelope surrounds you and freezes
                  | all who hurt you. [potion of mutation]
 69285 | Slime:5  | Lost mutation: You occasionally shout uncontrollably at
                  | your foes. [potion of mutation]
 69285 | Slime:5  | Lost mutation: You are clumsy. (Dex -2) [potion of
                  | mutation]
 69285 | Slime:5  | Gained mutation: You are partially covered in iridescent
                  | scales. (AC +2) [potion of mutation]
 69285 | Slime:5  | Gained mutation: You are robust. (+10% HP) [potion of
                  | mutation]
 69285 | Slime:5  | Gained mutation: Your muscles are very strong. (Str +8,
                  | Int/Dex -2) [potion of mutation]
 69285 | Slime:5  | Gained mutation: You passively map a small area around you.
                  | [potion of mutation]
 69932 | Zot:1    | Entered Level 1 of the Realm of Zot
 70683 | Zot:1    | Noticed a dread lich
 70772 | Zot:1    | Found a runed translucent gate.
 70780 | Zot:1    | Noticed Hakotaro's ghost (master OpCj)
 70782 | Zot:1    | Found a runed translucent gate.
 70936 | Zot:1    | Reached XP level 24. HP: 247/247 MP: 40/40
 70998 | Zot:1    | Found a runed translucent gate.
 71116 | Zot:1    | Found a transporter.
 71117 | Zot:1    | Noticed a dread lich
 71118 | Zot:1    | Noticed an orb of fire
 71141 | Zot:1    | Found a radiant altar of Vehumet.
 72117 | Zot:1    | Killed Hakotaro's ghost
 72436 | Zot:1    | Identified the amulet of the Monkey {Faith rF+ Stlth+}
 72439 | Zot:1    | Identified the +0 plate armour of Jigsaw {Fly rElec rF+++
                  | Dex-5}
 73363 | Zot:1    | Gained mutation: You have hidden genetic defects.
                  | [mutagenic glow]
 73819 | Zot:1    | Lost mutation: You are partially covered in iridescent
                  | scales. (AC +2) [potion of mutation]
 73819 | Zot:1    | Lost mutation: You are robust. (+10% HP) [potion of
                  | mutation]
 73819 | Zot:1    | Lost mutation: Your muscles are very strong. (Str +8,
                  | Int/Dex -2) [potion of mutation]
 73819 | Zot:1    | Gained mutation: You have sharp fingernails. [potion of
                  | mutation]
 73820 | Zot:1    | Lost mutation: You have hidden genetic defects. [potion of
                  | mutation]
 73820 | Zot:1    | Lost mutation: You are vulnerable to heat. (rF-) [potion of
                  | mutation]
 73820 | Zot:1    | Gained mutation: You are clumsy. (Dex -2) [potion of
                  | mutation]
 73820 | Zot:1    | Gained mutation: You have a pair of small horns on your
                  | head. [potion of mutation]
 73820 | Zot:1    | Gained mutation: You have a pair of horns on your head.
                  | [potion of mutation]
 74684 | Zot:2    | Noticed an orb of fire
 74703 | Zot:2    | Gained mutation: You are frail. (-10% HP) [an orb of fire]
 74704 | Zot:2    | Killed an orb of fire
 74728 | Zot:2    | Gained mutation: You occasionally shout uncontrollably at
                  | your foes. [mutagenic glow]
 74738 | Zot:2    | Lost mutation: Your muscles are strong. (Str +4, Int/Dex
                  | -1) [mutagenic glow]
 74751 | Zot:2    | Gained mutation: Your magical capacity is low. (-10% MP)
                  | [mutagenic glow]
 74778 | Zot:2    | Gained mutation: You are vulnerable to cold. (rC-)
                  | [mutagenic glow]
 74895 | Zot:2    | Lost mutation: You are vulnerable to cold. (rC-) [potion of
                  | mutation]
 74895 | Zot:2    | Lost mutation: You are frail. (-10% HP) [potion of
                  | mutation]
 74895 | Zot:2    | Lost mutation: Your magical capacity is low. (-10% MP)
                  | [potion of mutation]
 74895 | Zot:2    | Gained mutation: You are partially covered in iridescent
                  | scales. (AC +2) [potion of mutation]
 74895 | Zot:2    | Gained mutation: You are very clumsy. (Dex -4) [potion of
                  | mutation]
 74895 | Zot:2    | Gained mutation: You are mostly covered in iridescent
                  | scales. (AC +4) [potion of mutation]
 78199 | Zot:4    | Reached XP level 25. HP: 233/243 MP: 36/40
 79096 | Zot:4    | Noticed a Killer Klown
 79102 | Zot:4    | Killed a Killer Klown
 79512 | Zot:5    | Entered Level 5 of the Realm of Zot
 80667 | Zot:5    | Noticed a Killer Klown
 80679 | Zot:5    | Noticed an orb of fire
 80681 | Zot:5    | Killed a Killer Klown
 80684 | Zot:5    | Noticed an orb of fire
 80685 | Zot:5    | Noticed a Killer Klown
 80689 | Zot:5    | Gained mutation: You do not regenerate when monsters are
                  | visible. [an orb of fire]
 80691 | Zot:5    | Gained mutation: Your spells are a little easier to cast,
                  | but a little less powerful. [an orb of fire]
 81027 | Zot:5    | Killed a Killer Klown
 81031 | Zot:5    | Killed an orb of fire
 81203 | Zot:5    | Noticed a Killer Klown
 81226 | Zot:5    | Killed a Killer Klown
 81406 | Zot:5    | Noticed a Killer Klown
 81418 | Zot:5    | Killed a Killer Klown
 81902 | Zot:5    | Noticed a Killer Klown
 81916 | Zot:5    | Noticed a Killer Klown
 81920 | Zot:5    | Killed a Killer Klown
 81924 | Zot:5    | Noticed a dread lich
 82457 | Zot:4    | Killed a dread lich
 82611 | Zot:5    | Noticed an ancient lich
 82616 | Zot:5    | Noticed a Killer Klown
 82628 | Zot:4    | Killed an ancient lich
 82957 | Zot:5    | Killed a Killer Klown
 83019 | Zot:5    | Killed an orb of fire
 83075 | Zot:5    | Killed a Killer Klown
 83539 | Zot:5    | Noticed a Killer Klown
 83565 | Zot:5    | Killed a Killer Klown
 84098 | Zot:5    | Acquired a manual of Axes
 84314 | Zot:5    | Noticed an orb of fire
 84314 | Zot:5    | Noticed an orb of fire
 84315 | Zot:5    | Lost mutation: You are mostly covered in iridescent scales.
                  | (AC +4) [an orb of fire]
 84330 | Zot:5    | Gained mutation: You are dopey. (Int -2) [an orb of fire]
 84335 | Zot:5    | Killed an orb of fire
 84335 | Zot:5    | Killed an orb of fire
 84580 | Zot:5    | Noticed a Killer Klown
 84598 | Zot:5    | Killed a Killer Klown
 84779 | Zot:5    | Got the Orb of Zot
 84876 | Zot:3    | Noticed Vv
 85331 | D:$      | Escaped with the Orb!

Illustrated notes

Levels and vault maps discovered:
D:1:      wheals_arrival_shading, layout_basic
D:2:      layout_loops_cross, basic_altar, basic_ecumenical_altar
D:3:      layout_basic, xom_teletrap_fun, grunt_temple_overflow_open
D:4:      layout_basic, elyvilon_altar_1, minmay_temple_entry_gardened_gates,
          gammafunk_ghost_grave
D:5:      layout_loops_ring, gammafunk_ghost_arena, grunt_ministairs_4
D:6:      layout_basic, mainiacjoe_overflow_surrounded_room,
          gup_ossuary_entry_pyramid, cheibrodos_sewer_entry_sluice,
          nicolae_figureground_sparkle, uniq_prince_ribbit1
D:7:      layout_loops_ring, uniq_maggie
D:8:      layout_rooms, grunt_dithmenos_shadows
D:9:      layout_basic, nicolae_hepliaklqana_monster_ancestors,
          overflow_temple_1_default, lemuel_coloured_pillars_altar, erik_orc_1,
          serial_bayou, serial_bayou_lake_a, serial_bayou_pond_e,
          serial_bayou_ford_a, serial_bayou_pond_d, serial_bayou_pond_e,
          nicolae_lava_and_water
D:10:     layout_loops_ring, okawaru_trees_1
D:11:     nzn_winding_woodlands_three_and_one [nzn_winding_woodlands_5x15_eye,
          nzn_winding_woodlands_5x15_concentric,
          nzn_winding_woodlands_5x15_sidewinder,
          nzn_winding_woodlands_center_garden], layout_stronghold,
          david_lair_generic, nicolae_tso_carved_into_rock
D:12:     layout_cave_pods, grunt_ministairs_6, serial_nicolae_subway,
          nicolae_sub_station_stone, nicolae_sub_station_metal,
          nicolae_sub_station_crystal
D:13:     hourglass_vault, layout_rooms, lightli_vaults_fourway_checkpoint,
          portal_ice_cave_entry_pillars_2, uniq_urug
D:14:     layout_gridville, nicolae_qazlal_eye_of_the_storm, minivault_13
D:15:     grunt_enter_depths_magical_seal, layout_loops_corners
Lair:1:   layout_roguey, evilmike_ambush [evilmike_ambush_outer_basic,
          evilmike_ambush_inner_basic]
Lair:2:   layout_layer_cave, hellmonk_ghost_happy_afterlife,
          nicolae_lair_lil_pond, grunt_megastairs_2
Lair:3:   layout_cave_pods, minmay_shoals_entry_centaurs, dummy_spider_entry,
          bh_autumn_forest_stairs
Lair:4:   layout_roguey, minmay_slime_entry_jelly_boxes,
          infiniplex_staircase_pool_2
Lair:5:   minmay_lair_end_frog_pond, layout_regular_city, basic_altar,
          uniq_nessos
Shoals:1: layout_shoals, nicolae_shoals_dead_sea_scrolls
Shoals:2: layout_shoals, serial_shops, nicolae_shop_pleasant_corner_grove
Shoals:3: layout_shoals, nicolae_shoals_circle_sea_wall,
          nicolae_shoals_lost_giant_temple
Shoals:4: shoals_end_hangedman, layout_shoals, nicolae_shoals_former_cling_halls
Spider:1: layout_chambers, uniq_agnes
Spider:2: layout_spider_delve
Spider:3: layout_spider_delve, uniq_donald, uniq_nikola
Spider:4: guppyfry_spider_rune, uniq_roxanne
Slime:1:  layout_caves, cheibrodos_slime_lost_civilization_7
Slime:2:  cheibrodos_slime_lost_civilization_2, layout_caves
Slime:3:  layout_caves
Slime:4:  layout_caves
Slime:5:  slime_pit_nicolae_amoeboid
Orc:1:    layout_diamond_mine, nicolae_orc_takin'_care_of_business
Orc:2:    st_orc_mages, layout_caves, minmay_shop_mass
Elf:1:    eino_elf_arrival_the_gate, layout_gridlike, minmay_elf_demonology
Elf:2:    nicolae_elf_blades_splatter_lattice
          [nicolae_blade_entry_crossed_weapons], layout_geoelf_diagonals,
          basic_altar, nicolae_shop_vocational
Elf:3:    minmay_elf_hall_four_x, layout_loops_corners, serial_shops, shop
Vaults:1: nicolae_vaults_lightning_bolt, ontoclasm_vaults_fault,
          nicolae_vaults_storage_closets_1, nicolae_vaults_storage_closets_2,
          ontoclasm_vaults_ring_square, kennysheep_vaults_gozag_temple,
          vaults_standard_mumra_lines, nicolae_vaults_triangles,
          nicolae_vaults_weapon_check, nicolae_vaults_house_2, minmay_orc_keep,
          nicolae_vaults_apartment_1, layout_vaults_big_cross
Vaults:2: nicolae_vaults_trapezoid_4, vaults_dpeg_cross, hangedman_vaults_snaps,
          st_diamondy, v_rooms_6, nicolae_vaults_storage_room_water,
          ontoclasm_vaults_eye, v_misc_26, layout_vaults_big_room, uniq_mara
Vaults:3: hangedman_vaults_trim, minmay_crypt_entry_necro_gods,
          nicolae_vaults_closet_pinwheel_5, nicolae_vaults_tetromino_Z_2,
          nicolae_vaults_storage_room_glass, v_misc_24, layout_vaults_omnigrid
Vaults:4: nicolae_vaults_storage_closets_3, nicolae_vaults_closet_pinwheel_3,
          st_eye, nicolae_vaults_heart-shaped_vault, v_misc_22,
          nicolae_vaults_circle_grid_a, nicolae_vaults_frosty_reception,
          vaults_room_hallway, vaults_room_mumra_shop_pool,
          vaults_room_grunt_arrival_checkpoint, nicolae_vaults_tetromino_T_2,
          layout_vaults_ring, serial_shops, nicolae_shop_hallway_plus
Depths:1: layout_gridville, enter_ziggurat_c, nicolae_ru_awakened_eye,
          rand_demon_pan_entry_5, hell_entry, evilmike_ambush
          [evilmike_ambush_outer_pillars, evilmike_ambush_inner_pond]
Depths:2: regret_index_makhleb_lecture_halls, layout_cave_pools,
          nicolae_kite_square_tiling_tiny, hell_entry, rand_demon_pan_entry_9,
          nicolae_figureground_pulse
Depths:3: kennysheep_demon_jail, layout_cave_pools, bh_walls_and_bars,
          abyss_entry_small_statue_room, hell_entry,
          infiniplex_staircase_split_hallway, uniq_josephina
Depths:4: grunt_zot_entry_tricorne, layout_cave_pools, serial_shops,
          nicolae_shop_bloodbath_and_beyond, pf_hell_entry_tar_river,
          eino_small_chamber_without_monster, drop_trap
Zot:1:    gammafunk_sealed_library, layout_onion, gammafunk_ghost_split
Zot:2:    layout_concentric_octagons
Zot:3:    hellmonk_crystal_mountain, layout_gridlike,
          hangedman_snake_sidewinding, uniq_vv
Zot:4:    layout_twisted_circle
Zot:5:    layout_misc_corridors

Skill      XL: |  1  2  3  4  5  6  7  8  9 10 11 12 13 14 15 16 17 18 19 20 21 22 23 24 25 |
---------------+----------------------------------------------------------------------------+-----
Axes           | 3 4 6 8 10 12 14 18 19 20 22 | 22.6
Fighting       | 4 5 7 8 10 14 15 16 19 20 23 26 | 26.3
Armour         | 5 9 10 11 14 15 19 20 22 | 22.0
Shields        | 5 6 10 12 14 15 20 | 20.0
Invocations    | 2 10 13 15 19 23 26 27 | 27.0
Evocations     | 6 14 15 | 15.0
Earth Magic    | 6 10 12 | 12.0
Summonings     | 5 10 | 10.0
Spellcasting   | 4 6 8 |  8.0

Action                     |  1- 3 |  4- 6 |  7- 9 | 10-12 | 13-15 | 16-18 | 19-21 | 22-24 | 25-27 || total
---------------------------+-------+-------+-------+-------+-------+-------+-------+-------+-------++-------
  Melee: War axe           |    97 |   134 |   254 |       |       |       |       |       |       ||   485
         Hand axe          |       |       |    78 |   582 |   848 |       |       |       |       ||  1508
         Broad axe         |       |       |       |       |   510 |  1374 |  1096 |  1612 |   409 ||  5001
         Headbutt          |       |       |       |       |       |       |       |   150 |   110 ||   260
  Throw: Dart              |       |     3 |    11 |    16 |     6 |     3 |       |       |       ||    39
         Boomerang         |       |       |       |       |     2 |       |       |       |       ||     2
   Cast: Animate Armour    |       |       |       |       |       |    42 |   141 |   115 |    58 ||   356
 Invoke: Lesser Servant of |       |       |     1 |     4 |     4 |     1 |       |       |       ||    10
         Major Destruction |       |       |       |     2 |     4 |       |     1 |     2 |       ||     9
         Minor Destruction |       |       |       |       |     2 |       |       |       |       ||     2
         Greater Servant o |       |       |       |       |     4 |     5 |     4 |     5 |     2 ||    20
  Evoke: Wand              |       |     1 |     2 |    11 |    14 |     2 |     3 |     7 |     7 ||    47
         Phantom mirror    |       |       |       |       |       |       |     2 |     1 |       ||     3
    Use: Potion            |       |       |     4 |     1 |     5 |     8 |     6 |    15 |    14 ||    53
         Scroll            |       |       |     9 |     6 |    15 |    10 |    12 |    17 |     5 ||    74
   Stab: Paralysed         |       |     3 |       |     2 |       |       |       |       |       ||     5
         Distracted        |       |     1 |       |       |     6 |    29 |    18 |     9 |     1 ||    64
         Held in net/web   |       |       |       |       |       |     1 |       |       |       ||     1
         Invisible         |       |       |       |       |       |       |       |     8 |       ||     8
 Armour: Scale mail        |    83 |   105 |   222 |   231 |     7 |       |       |       |       ||   648
         Plate armour      |       |       |       |       |   381 |       |   379 |  1125 |    79 ||  1964
         Chain mail        |       |       |       |       |   220 |   680 |     4 |       |       ||   904
         Gold dragon scale |       |       |       |       |       |       |       |       |   249 ||   249
  Dodge: Dodged            |    71 |    54 |   116 |    99 |   137 |   327 |   122 |   248 |    52 ||  1226
  Block: Buckler           |    27 |    29 |    81 |    38 |       |       |       |       |       ||   175
         Reflection        |       |       |     4 |    17 |    35 |    64 |   114 |    16 |    14 ||   264
         Kite shield       |       |       |       |   281 |   517 |       |       |       |       ||   798
         Tower shield      |       |       |       |       |   512 |  1852 |   844 |  1746 |   409 ||  5363

Table legend: (Time is in decaauts)
 A = Elapsed time spent in this place.
 B = Non-inter-level travel time spent in this place.
 C = Inter-level travel time spent in this place.
 D = Time resting spent in this place.
 E = Time spent auto-exploring this place.
 F = Levels seen in this place.
 G = Mean time per level.
                   A        B        C        D        E       F      G
               +--------+--------+--------+--------+--------+-----+--------+
         Total |  85572 |  80765 |   4807 |  27425 |  33588 |  54 | 1584.7 |
       Dungeon |  18177 |  16405 |   1772 |   2050 |  10563 |  15 | 1211.8 |
          Lair |   6551 |   5795 |    756 |    391 |   4134 |   5 | 1310.2 |
        Shoals |   6488 |   5985 |    503 |   1209 |   2442 |   4 | 1622.0 |
   Spider Nest |   8546 |   8292 |    254 |   4160 |   2371 |   4 | 2136.5 |
    Slime Pits |   2414 |   2352 |     62 |   1426 |    280 |   5 |  482.8 |
  Orcish Mines |   2038 |   1922 |    116 |    633 |    652 |   2 | 1019.0 |
   Elven Halls |   8012 |   7767 |    245 |   3166 |   2765 |   3 | 2670.7 |
        Vaults |   7666 |   7316 |    350 |   2137 |   3610 |   4 | 1916.5 |
        Depths |   8669 |   8253 |    416 |   4390 |   2138 |   4 | 2167.2 |
           Zot |  15068 |  14740 |    328 |   7462 |   3762 |   5 | 3013.6 |
         Sewer |    290 |    290 |      0 |      0 |    155 |   1 |  290.0 |
       Ossuary |    378 |    378 |      0 |      0 |    218 |   1 |  378.0 |
      Ice Cave |   1269 |   1269 |      0 |    396 |    496 |   1 | 1269.0 |
               +--------+--------+--------+--------+--------+-----+--------+

Top non-repeatable levels by time:
Depths:2: 4025 daAuts
   Zot:5: 3916 daAuts
   Elf:3: 3548 daAuts
   Zot:1: 3442 daAuts
   Elf:2: 3294 daAuts
Spider:3: 3154 daAuts
    D:15: 2857 daAuts
   Zot:2: 2806 daAuts
   Zot:4: 2806 daAuts
Vaults:1: 2758 daAuts
    D:11: 2381 daAuts
Spider:1: 2257 daAuts
   Zot:3: 2096 daAuts
Shoals:4: 2027 daAuts
Vaults:4: 1941 daAuts
